 Dungeon Crawl Stone Soup version 0.28.0-43-g3370ac3207 (webtiles) character file.

Game seed: 16016168266330916472

70 silky the Skirmisher (level 4, -16/41 HPs)
             Began as a Minotaur Chaos Knight on Mar 30, 2022.
             Was a Plaything of Xom.
             Demolished by an orc warrior
             ... wielding a +0 dire flail
              (18 damage)
             ... on level 4 of the Dungeon.
             The game lasted 00:06:28 (3809 turns).

silky the Skirmisher (Minotaur Chaos Knight)        Turns: 3809, Time: 00:06:29

Health: -16/41     AC:  6    Str: 17 (18) XL:     4   Next: 4%
Magic:  3/3        EV: 10    Int:  7 (9)  God:    Xom [*.....]
Gold:   87         SH:  0    Dex: 16      Spells: 3/3 levels left

rFire   . . .      SeeInvis .   a - +0 mace (chaos)
rCold   . . .      Faith    .   (no shield)
rNeg    . . .      Spirit   .   j - +0 scale mail
rPois   .          Reflect  .   (helmet restricted)
rElec   .          Harm     .   f - scarf {repulsion}
rCorr   .          Rampage  .   (no gloves)
Will    .....                   (no boots)
Stlth   ..........              (no amulet)
HPRegen 0.13/turn               k - +6 ring of dexterity
MPRegen 0.08/turn               (no ring)

@: repel missiles
A: horns 2, retaliatory headbutt, deterioration 2
a: Renounce Religion


You were on level 4 of the Dungeon.
You worshipped Xom.
You were a special plaything of Xom.
You visited 1 branch of the dungeon, and saw 4 of its levels.

You collected 87 gold pieces.

Inventory:

Hand Weapons
 a - a +0 mace of chaos (weapon)
Armour
 f - a scarf of repulsion (worn)
 j - a +0 scale mail (worn)
Jewellery
 k - a +6 ring of dexterity (left hand)
Wands
 m - a wand of flame (15)
Scrolls
 c - 2 scrolls of teleportation
 e - a scroll of torment {unknown}
 i - 2 scrolls of fog
 l - a scroll of brand weapon {unknown}
Potions
 b - a potion of brilliance {unknown}
 d - a potion of invisibility {unknown}
 g - a potion of heal wounds {unknown}
 h - a potion of degeneration {unknown}


   Skills:
 + Level 4.6 Fighting
 + Level 4.4 Maces & Flails
 + Level 3.3 Armour
 + Level 1.3 Dodging
 + Level 0.4 Stealth


You had 3 spell levels left.
You didn't know any spells.
Your spell library contained the following spells:

 Spells                   Type           Power      Damage    Failure   Level
 Dazzling Flash           Conj/Hex       0%         N/A       99%         3
 Iskenderun's Mystic Bla  Conj/Tloc      0%         2d3       100%        4
 Starburst                Conj/Fire      0%         6d3       100%        6


Dungeon Overview and Level Annotations

Branches:
Dungeon (4/15)
 Temple: D:4-7

Altars:
Ashenzari
Fedhas
Zin


Innate Abilities, Weirdness & Mutations

You have a pair of horns on your head.
You reflexively headbutt those who attack you in melee.
Your body often deteriorates upon taking damage.


Message History

You closely miss the ufetubus. The ufetubus barely misses you.
The ufetubus hits you but does no damage.
The shadow imp barely misses you.
You hit the ufetubus.
The ufetubus appears confused.
You headbutt the ufetubus, but do no damage.
The ufetubus is moderately wounded.
The shadow imp hits you but does no damage.
The orc priest mumbles some strange prayers to Beogh against you.
Beogh smites you!
Your body deteriorates!
You feel dopey.
You barely miss the shadow imp. Your headbutt misses the shadow imp.
The ufetubus misses you. The ufetubus closely misses you.
Xom is amused.
The ufetubus hits itself.
The ufetubus is killed!
The ufetubus disappears in a puff of smoke!
The shadow imp barely misses you. You furiously retaliate!
You headbutt the shadow imp, but do no damage.
An orc comes into view. It is wielding a +0 trident.
The orc shouts!
You sock the shadow imp!
The shadow imp is severely wounded.
The shadow imp gestures at you. Pain shoots through your body!
Your body deteriorates!
You feel dopey.
You hit the shadow imp but do no damage.
The shadow imp is severely wounded.
The shadow imp hits you but does no damage.
The orc warrior barely misses you.
You closely miss the shadow imp.
The shadow imp is severely wounded.
The shadow imp barely misses you. You furiously retaliate!
You headbutt the shadow imp!
You kill the shadow imp!
The shadow imp disappears in a puff of smoke!
The orc warrior hits you with a +0 dire flail!
* * * LOW HITPOINT WARNING * * *
The orc warrior hits you with a +0 dire flail!!
You die...
Xom is highly amused!

.#.#.#..# ..#...### ..#......
#........ #o.....# #.#.....
#o#..#.# #. #o#.>#.# #
#.######## #@##.#.#####.##
#........# #5##.#.........
#........###..[...........
#.........########.###.###
#............# #........
##.##..........#.#####.###.###
...............#...........#
##..###'#####..#######.##..#
#.# #........#.# ....


You could see an orc warrior, an orc priest, a white imp (summoned) and an orc.

Vanquished Creatures
  A hound skeleton (D:4)
  An adder (D:2)
  A worm (D:2)
  4 bats
  3 endoplasms
  3 giant cockroaches
  3 goblins
  5 hobgoblins
  5 kobolds
  2 quokkas
  6 ball pythons
  3 frilled lizards
  5 rats
42 creatures vanquished.

Notes
Turn   | Place    | Note
-------+----------+-------------------------------------------
     0 | D:1      | silky the Minotaur Chaos Knight began the quest for the
                  | Orb.
     0 | D:1      | Reached XP level 1. HP: 19/19 MP: 0/0
    95 | D:1      | XOM: silly message
   257 | D:1      | XOM: silly message
   347 | D:1      | Reached XP level 2. HP: 21/27 MP: 1/1
   371 | D:1      | XOM: silly message
   372 | D:1      | XOM: silly message
   758 | D:1      | XOM: draining
   960 | D:1      | XOM: summons 3 hostile shadow creatures
   974 | D:1      | XOM: scenery: summon butterflies
  1193 | D:2      | XOM: butterfly on damage
  1514 | D:2      | XOM: give mutations
  1514 | D:2      | Gained mutation: Your body sometimes deteriorates upon
                  | taking damage. [Xom's mischief]
  1514 | D:2      | Gained mutation: Your body often deteriorates upon taking
                  | damage. [Xom's mischief]
  1536 | D:2      | Reached XP level 3. HP: 33/33 MP: 2/2
  1591 | D:2      | XOM is BORED!
  1591 | D:2      | XOM: summons 2 hostile demons
  1888 | D:2      | XOM: summons 1 hostile demon
  2954 | D:3      | Found a blossoming altar of Fedhas.
  3109 | D:3      | Found a broken altar of Ashenzari.
  3448 | D:3      | XOM: noise
  3693 | D:3      | Found a glowing silver altar of Zin.
  3748 | D:4      | Reached XP level 4. HP: 38/41 MP: 3/3
  3798 | D:4      | Noticed an orc warrior
  3802 | D:4      | XOM: summons 3 hostile demons
  3809 | D:4      | HP: 2/41 [orc warrior/+0 dire flail (17)]
  3809 | D:4      | Demolished by an orc warrior

Illustrated notes

Levels and vault maps discovered:
D:1:      dpeg_arrival_round_a, layout_loops_ring
D:2:      layout_basic, minmay_small_reverse_x
D:3:      layout_basic, zin_statuary, mainiacjoe_overflow_chevrons,
          mainiacjoe_overflow_alcove_1
D:4:      layout_basic, minmay_temple_entry_arrows, serial_shops, shop, shop,
          shop, minmay_bent, uniq_grinder, uniq_duvessa

Skill      XL: |  1  2  3 |
---------------+----------+-----
Fighting       | 4 |  4.6
Maces & Flails | 4 |  4.4
Armour         | 3 |  3.3
Dodging        | |  1.3
Stealth        | |  0.4

Action                   |  1- 3 |  4- 6 || total
-------------------------+-------+-------++-------
Melee: Mace              |   101 |     8 ||   109
       Headbutt          |    14 |     2 ||    16
       Punch             |     1 |       ||     1
  Use: Scroll            |     2 |       ||     2
 Stab: Petrifying        |     1 |       ||     1
Armor: Leather armour    |    33 |       ||    33
       Scale mail        |     8 |     4 ||    12
Dodge: Dodged            |    53 |    10 ||    63
